 Dungeon Crawl Stone Soup version 0.21.1-1-g345015f (webtiles) character file.

506 Fang the Chopper (level 7, -4/44 HPs)
             Began as a Gargoyle Berserker on May 2, 2018.
             Was a Priest of Trog.
             Slain by a mummy (14 damage)
             ... in an ossuary.
             The game lasted 00:08:56 (3357 turns).

Fang the Chopper (Gargoyle Berserker)               Turns: 3357, Time: 00:08:56

Health: -4/44      AC:  9    Str: 23    XL:     7   Next: 18%
Magic:  0/7        EV: 13    Int:  7    God:    Trog [***...]
Gold:   186        SH:  0    Dex:  9    Spells: 6/6 levels left

rFire    . . .     SeeInvis .   a - +0 hand axe
rCold    . . .     Gourm    .   (no shield)
rNeg     + . .     Faith    .   b - +0 animal skin
rPois    ∞         Spirit   +   i - +1 helmet
rElec    +         Reflect  .   u - scarf {Spirit}
rCorr    .         Harm     .   (no gloves)
MR       .....                  (no boots)
Stlth    ++........             (no amulet)
HPRegen  0.14/turn              (no ring)
MPRegen  0.10/turn              (no ring)

@: no status effects
A: negative energy resistance 1, electricity resistance, unbreathing,
petrification resistance, rot immunity, AC +4
a: Berserk, Trog's Hand, Burn Spellbooks, Renounce Religion


You were in an ossuary.
You worshipped Trog.
Trog was most pleased with you.
You were near starving.

You visited 1 branch of the dungeon, and saw 4 of its levels.
You also visited: Ossuary.

You collected 186 gold pieces.

Inventory:

Hand Weapons
 a - a +0 hand axe (weapon)
Missiles
 r - 11 tomahawks (quivered)
Armour
 b - a +0 animal skin (worn)
 i - a +1 helmet (worn)
 u - a scarf of spirit shield (worn)
Wands
 q - a wand of flame (38)
Scrolls
 e - 3 scrolls of amnesia {unknown}
 f - 2 scrolls of teleportation {unknown}
 g - 3 scrolls of identify {unknown}
 l - 3 scrolls of fog {unknown}
 o - a scroll of remove curse {unknown}
 s - a scroll of immolation {unknown}
 t - 2 scrolls of enchant armour {unknown}
Potions
 d - 2 potions of lignification {unknown}
 h - a potion of heal wounds {unknown}
 j - 2 potions of might {unknown}
 k - a potion of curing {unknown}
 m - a potion of flight {unknown}
 n - a potion of berserk rage {unknown}
 p - 2 potions of haste {unknown}
Comestibles
 c - 5 rations


   Skills:
 + Level 4.8 Fighting
 + Level 5.5 Axes
 + Level 2.3 Armour
 + Level 3.1 Dodging
 + Level 1.9 Stealth


You had 6 spell levels left.
You didn't know any spells.

Dungeon Overview and Level Annotations

Branches:
Dungeon (4/15)
 Temple: D:4-7

Altars:
Ashenzari
Gozag
Nemelex Xobeh
Sif Muna


Innate Abilities, Weirdness & Mutations

You are resistant to torment.
Your stone body is resilient. (AC +4)
You are immune to poison.
You resist negative energy. (rN+)
You are resistant to electric shocks. (rElec)
You can survive without breathing.
You are immune to petrification.
You are immune to rotting.


Message History

The mummy barely misses you.
You completely miss the mummy.
The mummy is moderately damaged.
The mummy hits you!
* * * LOW HITPOINT WARNING * * *
You hit the mummy.
The mummy is heavily damaged.
You hit the mummy but do no damage.
The mummy is heavily damaged.
The mummy hits you.
* * * LOW HITPOINT WARNING * * *
You hit the mummy.
The mummy is severely damaged.
You hit the mummy but do no damage.
The mummy is severely damaged.
The mummy misses you.
You hit the mummy.
The mummy is almost destroyed.
The mummy hits you!
You die...

##+##
#...####
+.M@'.^#
#...##.#
##+###'#
#.## #..#
##.##
#..#
##.##
##+###..#


You could see a mummy.

Vanquished Creatures
  The ghost of AceErrynx the Skirmisher, an amateur DsAK of Lugonu (D:3)
  3 jellies (D:2)
  An orc priest (D:4)
  An orc wizard (D:4)
  A mummy (Ossuary)
  3 gnolls (D:4)
  4 adders (D:3)
  8 oozes
  A dart slug (D:3)
  2 leopard geckos (D:1)
  15 orcs
  A ball python (D:3)
  7 bats
  4 giant cockroaches
  4 goblins
  9 hobgoblins
  6 jackals
  2 frilled lizards
  2 gnoll skeletons (Ossuary)
  8 kobolds
  14 rats
  2 rat zombies (D:4)
99 creatures vanquished.

Vanquished Creatures (others)
  An ogre (D:4)
  2 worker ants (D:4)
  2 leopard geckos (D:4)
  An orc (D:4)
  A giant cockroach (D:4)
  8 toadstools (D:2)
15 creatures vanquished.

Grand Total: 114 creatures vanquished

Notes
Turn   | Place    | Note
-------+----------+-------------------------------------------
     0 | D:1      | Fang the Gargoyle Berserker began the quest for the Orb.
     0 | D:1      | Reached XP level 1. HP: 14/14 MP: 1/1
   127 | D:1      | Reached XP level 2. HP: 19/19 MP: 2/2
   232 | D:1      | Reached skill level 3 in Axes
   439 | D:1      | Reached XP level 3. HP: 24/24 MP: 3/3
   947 | D:2      | Found a sparkling altar of Nemelex Xobeh.
  1204 | D:2      | Reached ** piety under Trog
  1216 | D:2      | Reached XP level 4. HP: 29/29 MP: 4/4
  1221 | D:2      | Reached skill level 4 in Axes
  1221 | D:2      | Reached XP level 5. HP: 33/33 MP: 5/5
  1225 | D:2      | Reached skill level 1 in Stealth
  1686 | D:3      | Found a shattered altar of Ashenzari.
  2051 | D:3      | Found an opulent altar of Gozag.
  2064 | D:3      | Reached *** piety under Trog
  2169 | D:3      | Reached XP level 6. HP: 38/38 MP: 6/6
  2195 | D:3      | Noticed AceErrynx's ghost (amateur DsAK)
  2222 | D:3      | Killed AceErrynx's ghost
  2222 | D:3      | Reached skill level 5 in Axes
  2792 | D:3      | Found a deep blue altar of Sif Muna.
  3112 | D:4      | Found a sand-covered staircase.
  3134 | D:4      | Reached XP level 7. HP: 35/44 MP: 4/7
  3246 | Ossuary  | Entered an ossuary
  3357 | Ossuary  | Slain by a mummy

Skill      XL: |  1  2  3  4  5  6 |
---------------+-------------------+-----
Axes           | 3 4 5 |  5.5
Dodging        | 2 3 |  3.1
Fighting       | 4 |  4.8
Stealth        | 1 |  1.9
Armour         | |  2.3

Action                   |  1- 3 |  4- 6 |  7- 9 || total
-------------------------+-------+-------+-------++-------
Melee: Hand axe          |   112 |   214 |    43 ||   369
Invok: Berserk           |     1 |     1 |       ||     2
 Stab: Sleeping          |     1 |     3 |     2 ||     6
  Eat: Chunk             |       |     5 |       ||     5
       Ration            |       |     1 |       ||     1
Armor: Animal skin       |    57 |    82 |     4 ||   143
Dodge: Dodged            |   105 |   120 |    12 ||   237
